 Dungeon Crawl Stone Soup version 0.31-a0-865-g3d5d91748a (webtiles) character file.

Game seed: 4186018693224380572

119 Joey1 the Chopper (level 4, -5/41 HPs)
             Began as a Minotaur Berserker on Oct 10, 2023.
             Was a Priest of Trog.
             Slain by a gnoll
             ... wielding a +0 flail
              (6 damage)
             ... on level 3 of the Dungeon.
             The game lasted 00:03:22 (2367 turns).

Joey1 the Chopper (Minotaur Berserker)              Turns: 2367, Time: 00:03:23

Health: -5/41      AC:  4    Str: 23    XL:     4   Next: 73%
Magic:  3/3        EV: 12    Int:  4    God:    Trog [***...]
Gold:   131        SH:  0    Dex: 10    Spells: 3/3 levels left

rFire   . . .        a - +0 hand axe
rCold   . . .        (no shield)
rNeg    . . .        b - +0 animal skin
rPois   .            (helmet restricted)
rElec   .            q - +0 cloak
rCorr   .            (no gloves)
SInv    .            p - +0 pair of boots
Will    .....        (no amulet)
Stlth   +            s - ring of flight
HPRegen 0.26/turn    (no ring)
MPRegen 0.08/turn

%: no passive effects
@: flying
A: horns 2, retaliatory headbutt
a: Renounce Religion, Berserk, Trog's Hand


You were on level 3 of the Dungeon.
You worshipped Trog.
Trog was most pleased with you.
You visited 1 branch of the dungeon, and saw 4 of its levels.

You collected 131 gold pieces.

Inventory:

Hand Weapons
 a - a +0 hand axe (weapon)
Armour
 b - a +0 animal skin (worn)
 p - a +0 pair of boots (worn)
 q - a +0 cloak (worn)
Jewellery
 h - a ring of fire
 s - a ring of flight (left hand)
Scrolls
 e - 2 scrolls of teleportation {unknown}
 i - 4 scrolls of identify {unknown}
 j - a scroll of poison {unknown}
 k - a scroll of silence {unknown}
 n - a scroll of fear {unknown}
Potions
 c - a potion of cancellation {unknown}
 d - a potion of attraction {unknown}
 f - 3 potions of brilliance {unknown}
 g - a potion of haste {unknown}
 l - 3 potions of might {unknown}
 m - a potion of ambrosia {unknown}
 o - a potion of heal wounds {unknown}
 r - a potion of curing {unknown}


   Skills:
 + Level 4.5 Fighting
 * Level 5.4 Axes
 + Level 3.6 Armour
 - Level 2.1 Dodging


You had 3 spell levels left.
You didn't know any spells.
Your spell library was empty.

Dungeon Overview and Level Annotations

Branches:
Dungeon (4/15)
 Temple: D:4-7

Altars:
Sif Muna

Annotations:
D:3 exclusion: downstairs
D:4 Pikel


Innate Abilities, Weirdness & Mutations

You have a pair of horns on your head.
You reflexively headbutt those who attack you in melee.


Message History

There are monsters nearby!
You slash the gnoll!
You headbutt the gnoll, but do no damage.
The gnoll is severely wounded.
You closely miss the gnoll. The gnoll misses you. You furiously retaliate!
You headbutt the gnoll!
You kill the gnoll!
Trog accepts your kill.
A lemure comes into view.
The gnoll closely misses you.
Unknown command.
The gnoll barely misses you. You furiously retaliate!
You headbutt the gnoll. The gnoll misses you.
You fly upwards.
Level annotation: exclusion: downstairs
There is a stone staircase leading down here.
You hit the gnoll.
The gnoll is moderately wounded.
You hit the gnoll but do no damage. The gnoll hits you with a +0 flail.
The gnoll barely misses you. You furiously retaliate!
You headbutt the gnoll, but do no damage.
You hit the gnoll.
The gnoll is heavily wounded.
You barely miss the gnoll. The gnoll closely misses you.
The gnoll hits you with a +0 whip.
You barely miss the gnoll.
The gnoll is heavily wounded.
You closely miss the gnoll. The gnoll hits you with a +0 flail!
* * * LOW HITPOINT WARNING * * *
The gnoll hits you with a +0 whip.
* * * LOW HITPOINT WARNING * * *
You closely miss the gnoll.
The gnoll is heavily wounded.
You closely miss the gnoll. The gnoll completely misses you.
The gnoll hits you with a +0 whip.
* * * LOW HITPOINT WARNING * * *
You completely miss the gnoll.
The gnoll is heavily wounded.
You hit the gnoll. The gnoll hits you with a +0 flail.
You die...

#.####### #......# #.
#.......# #####.....##
#. #.......#
#...#.....# #.
#....[..# #..)#.....#
#. ###...###
#...#.....# #.
###..#######...(.....#
#.
##......##....######
#. ######..###g.# #.
##...g@.# #. ########
#. ##


You could see 2 gnolls.

Vanquished Creatures
  A gnoll (D:4)
  3 adders
  2 worms
  A dart slug (D:3)
  3 orcs (D:3)
  11 bats
  4 endoplasms
  3 giant cockroaches
  4 goblins
  6 hobgoblins
  4 jackals (D:1)
  5 quokkas
  3 ball pythons
  3 frilled lizards
  10 kobolds
  5 rats
68 creatures vanquished.

Notes
Turn   | Place    | Note
-------+----------+-------------------------------------------
     0 | D:1      | Joey1 the Minotaur Berserker began the quest for the Orb.
     0 | D:1      | Reached XP level 1. HP: 19/19 MP: 0/0
   105 | D:1      | Reached skill level 4 in Axes
   105 | D:1      | Reached XP level 2. HP: 27/27 MP: 1/1
   424 | D:1      | Reached ** piety under Trog
   593 | D:1      | Reached XP level 3. HP: 29/33 MP: 2/2
  1103 | D:2      | Reached XP level 4. HP: 40/40 MP: 3/3
  1336 | D:2      | Reached skill level 5 in Axes
  1425 | D:3      | Found a faded altar of an unknown god.
  1617 | D:3      | Reached *** piety under Trog
  1744 | D:3      | Found a shimmering blue altar of Sif Muna.
  2358 | D:4      | Noticed a lemure
  2360 | D:4      | Noticed a lemure
  2361 | D:4      | Noticed Pikel
  2366 | D:3      | HP: 1/41 [gnoll/+0 whip (4)]
  2367 | D:3      | Slain by a gnoll

Illustrated notes

Levels and vault maps discovered:
D:1:      minmay_arrival_checkered_box, layout_loops_ring
D:2:      layout_rooms, minivault_5
D:3:      layout_basic, led_sif_book, nicolae_ecumenical_pavilion
D:4:      layout_loops_cross, uniq_pikel

Skill      XL: |  1  2  3  4 |
---------------+-------------+-----
Axes           | 4 5 |  5.4
Fighting       | 4 |  4.5
Armour         | 3 |  3.6
Dodging        | |  2.1

Action                     |  1- 3 |  4- 6 || total
---------------------------+-------+-------++-------
  Melee: Hand axe          |    78 |    60 ||   138
         Headbutt          |     8 |     9 ||    17
   Stab: Sleeping          |     1 |     1 ||     2
 Armour: Animal skin       |    34 |    42 ||    76
  Dodge: Dodged            |    66 |    38 ||   104

Table legend: (Time is in decaauts)
 A = Elapsed time spent in this place.
 B = Non-inter-level travel time spent in this place.
 C = Inter-level travel time spent in this place.
 D = Time resting spent in this place.
 E = Time spent auto-exploring this place.
 F = Levels seen in this place.
 G = Mean time per level.
                   A        B        C        D        E       F      G
               +--------+--------+--------+--------+--------+-----+--------+
         Total |   2375 |   2255 |    120 |     46 |   1799 |   4 |  593.8 |
       Dungeon |   2375 |   2255 |    120 |     46 |   1799 |   4 |  593.8 |
               +--------+--------+--------+--------+--------+-----+--------+

Top non-repeatable levels by time:
     D:3: 940 daAuts
     D:2: 750 daAuts
     D:1: 681 daAuts
     D:4: 3 daAuts
